[Event "Azerbaijan-ch 1st League 2025"]
[Site "Baku"]
[Date "2025.01.14"]
[Round "9.16"]
[White "Safarli, Ramzi"]
[Black "Huseynov, Ahmed"]
[Result "1-0"]
[Annotator "TA"]
[ECO "D02"]
[WhiteElo "1792"]
[BlackElo "1996"]
[PlyCount "165"]
[EventDate "2025.01.05"]
[EventType "swiss"]
[EventCountry "AZE"]
[SourceTitle "playchess.com"]
[Source "ChessBase"]
[SourceQuality "1"]
[TimeControl "40/5400+30:1800+30"]

1. d4 c5 2. c3 d5 3. Nf3 Nf6 4. Bf4 Nc6 5. e3 Qb6 6. Qc1 Bf5 7. Nbd2 e6 8. Be2 h6 9. h3 Rc8 10. O-O Be7 11. Nb3 c4 12. Nbd2 Na5 13. Bd1 O-O 14. Bc2 a6 15. Re1 Qd8 16. e4 dxe4 17. Nxe4 Nd5 18. Bd2 Nc6 19. Ng3 Bxc2 20. Qxc2 Qc7 21. Nh5 $1 Bd6 22. Qc1 (22. Re4 $1) 22... Rfe8 $11 23. Re4 f5 24. Rh4 Qf7 (24... Bf8 $17) 25. Bxh6 gxh6 26. Qxh6 Be7 27. Ng5 $1 {[%emt 0:01:02] Really sharp!} Bxg5 28. Qxg5+ Kf8 29. Nf4 (29. Re1 $11) 29... Qf6 $15 30. Ng6+ $2 ({Better is} 30. Rh8+ $1 $15 Qxh8 31. Ng6+ Kf7 32. Nxh8+ Rxh8 33. Kh2) 30... Kg7 $19 31. Qh6+ Kf7 32. Qh7+ Qg7 33. Qxg7+ Kxg7 34. Nf4 Nxf4 35. Rxf4 Ne7 36. Re1 Nd5 37. Rh4 Rc6 38. g4 Rh8 39. Rxh8 Kxh8 40. gxf5 exf5 {[%emt 0:00:00][%mdl 4096] Endgame KRN-KR} 41. Re5 Rg6+ (41... Nf4 $19 42. Rxf5 Rg6+ (42... Nxh3+ 43. Kg2 $11) 43. Kf1 Nd3 (43... Nxh3 44. Rh5+ Kg7 45. Rxh3 $16)) 42. Kf1 $17 Nf4 (42... Nb6 $1 $17 {and ...Na4 would now be decisive} 43. Rxf5 Na4) 43. Rxf5 $15 Nd3 (43... Nxh3 44. Rh5+ Kg7 45. Rxh3 $16) 44. b3 b5 45. bxc4 bxc4 46. Rf8+ Kg7 47. Rc8 $1 Rf6 48. a4 Nb2 (48... Nxf2 49. Rxc4 Nxh3+ 50. Ke2 $17) 49. a5 Kg6 50. Kg2 Kg5 51. Kg3 Kf5 52. Kf3 Ke6+ 53. Ke2 Kd5 54. h4 (54. Rc5+ $11 Ke4 55. Re5+ Kf4 56. Rc5) 54... Nd3 ({Black should try} 54... Na4 $1 $19 55. Ke3 Nxc3 56. Rc5+ Kd6 57. Rxc4 Nd5+ 58. Ke2 Rh6) 55. f3 (55. Ke3 $1 $15) 55... Nc1+ (55... Rh6 $1 $17 56. Rd8+ Kc6) 56. Ke3 Re6+ 57. Kf4 Rf6+ 58. Kg4 Nb3 (58... Ne2 $11 59. Rc5+ Kd6) 59. h5 $14 Kd6 {[%emt 0:00:04] [#]} (59... Nd2 $16) 60. Rxc4 (60. f4 $1 $18 {and White stays clearly on top.}) 60... Rf8 61. h6 Nxa5 $2 (61... Rf6 $16 {was worth a try.}) 62. Ra4 $18 Nc6 63. Rxa6 Kc7 64. f4 {[%emt 0:00:29] aiming for d5.} Ne7 $2 (64... Kb7 {is a better chance.}) 65. c4 Nf5 (65... Rg8+ $142 66. Kf3 (66. Kh5 Rg1 $18) 66... Rg1) 66. d5 Ne3+ 67. Kf3 Nxc4 68. Rc6+ Kd7 69. Rxc4 {[%emt 0:00:01] KR-KR. White is 3 pawns up.} Kd6 70. Rc6+ Kxd5 71. Rg6 Rf7 72. Kg4 Rc7 73. Kg5 Ke4 74. f5 Rc2 75. Re6+ Kd5 76. Kg6 Rg2+ 77. Kf7 Rh2 78. Kg7 Rc2 79. h7 Rc7+ 80. Kg8 Rc8+ {[%emt 0:00:36] [#]} 81. Kf7 $1 Rb8 82. Re8 Rb7+ 83. Kg8 1-0

[Event "Azerbaijan-ch 1st League 2025"]
[Site "Baku"]
[Date "2025.01.14"]
[Round "9.17"]
[White "Imranli, Kenan"]
[Black "Garakhanov, Shamsi"]
[Result "1/2-1/2"]
[Annotator "NA RC"]
[ECO "B22"]
[WhiteElo "1758"]
[BlackElo "2022"]
[PlyCount "89"]
[EventDate "2025.01.05"]
[EventType "swiss"]
[EventCountry "AZE"]
[SourceTitle "playchess.com"]
[Source "ChessBase"]
[SourceQuality "1"]
[TimeControl "40/5400+30:1800+30"]

1. e4 c5 2. c3 Nf6 3. e5 Nd5 4. d4 cxd4 5. cxd4 d6 6. Nf3 Nc6 7. Bc4 Nb6 8. Bb5 dxe5 9. Nxe5 Bd7 10. Nxd7 Qxd7 11. O-O e6 12. Nc3 Be7 13. Be3 {[%emt 0:01:30] B22: Sicilian: 2 c3.} O-O 14. Qd2 a6 15. Bd3 Nb4 16. Rfd1 Nxd3 17. Qxd3 Nd5 18. Rac1 Rac8 19. Nxd5 Qxd5 20. Qb3 Qd7 21. g3 h6 22. d5 Rxc1 23. Rxc1 exd5 24. Rd1 Rd8 25. Bb6 Rc8 26. Qxd5 Qxd5 27. Rxd5 Rc2 28. b3 Rxa2 29. Rd7 Bf6 30. Rxb7 h5 31. h4 Be5 32. Be3 g6 $11 33. Re7 Bc3 34. Rc7 Ba1 35. b4 Kg7 36. Ra7 Bc3 37. Bc5 Kf6 38. Kg2 Ra4 39. Kf3 Bxb4 40. Bxb4 Rxb4 41. Rxa6+ Kg7 42. Ra7 Rb6 43. Rc7 Rb2 44. Ra7 Rb3+ 45. Ke4 1/2-1/2